 Dungeon Crawl Stone Soup version 0.18-a0-1720-g8df8b1a (webtiles) character file.

609 Eucla the Ruffian (level 7, -3/68 HPs)
             Began as a Troll Monk on Apr 5, 2016.
             Was a Believer of Cheibriados.
             Slain by an orc warrior
             ... wielding a +0 battleaxe
              (16 damage)
             ... on level 5 of the Dungeon on Apr 9, 2016.
             The game lasted 00:04:15 (2725 turns).

Eucla the Ruffian (Troll Monk)                      Turns: 2725, Time: 00:04:16

Health: -3/68      AC:  6    Str: 24    XL:     7   Next: 19%
Magic:  7/7        EV: 12    Int: 10    God:    Cheibriados [**....]
Gold:   160        SH:  0    Dex: 18    Spells: 0 memorised, 6 levels left

rFire  . . .     SeeInvis .       - Unarmed
rCold  . . .     Gourm    +     a - +0 robe
rNeg   . . .     Faith    .     (no shield)
rPois  .         Spirit   .     (helmet restricted)
rElec  .         Dismiss  .     l - +0 cloak
rCorr  .         Reflect  .     (gloves unavailable)
SustAt .         Harm     .     (boots unavailable)
MR     +....                    n - amulet of rage
Stlth  +.........               (no ring)
                                q - ring of protection from magic

@: confused, very slow, somewhat resistant to hostile enchantments, very
unstealthy
A: unfitting armour, claws 3, fast metabolism 3, gourmand, regeneration 2,
shaggy fur 1, tough skin 2
a: Bend Time, Renounce Religion, Evoke Berserk Rage


You were on level 5 of the Dungeon.
You worshipped Cheibriados.
Cheibriados was pleased with you.
You were full.

You visited 2 branches of the dungeon, and saw 6 of its levels.

You collected 160 gold pieces.

Inventory:

Armour
 a - a +0 robe (worn)
 l - a +0 cloak (worn)
Jewellery
 n - an amulet of rage (around neck)
 q - a ring of protection from magic (left claw)
Scrolls
 e - 2 scrolls of teleportation {unknown}
 g - 2 scrolls of remove curse {unknown}
 h - 6 scrolls of enchant weapon {unknown}
 j - 2 scrolls of random uselessness {unknown}
 m - a scroll of fog {unknown}
 u - a scroll of identify {unknown}
 y - a scroll of blinking {unknown}
 z - 2 scrolls of amnesia {unknown}
Potions
 c - 2 potions of lignification {unknown}
 d - 2 potions of curing {unknown}
 f - a potion of resistance {unknown}
 k - a potion of invisibility {unknown}
 o - a potion of ambrosia
 p - a potion of heal wounds {unknown}
 r - a potion of brilliance {unknown}
 t - a potion of cancellation {unknown}
 v - a potion of degeneration {unknown}
 w - a potion of berserk rage {unknown}
 x - a potion of cure mutation {unknown}
 A - a potion of haste {unknown}
Comestibles
 b - 4 bread rations
 i - 3 fruits
 s - a meat ration


   Skills:
 + Level 3.7 Fighting
 + Level 3.8 Dodging
 - Level 1.1 Stealth
 * Level 6.5 Unarmed Combat
 + Level 1.9 Evocations


You had 6 spell levels left.
You didn't know any spells.

Dungeon Overview and Level Annotations

Branches:
Dungeon (5/15)             Temple (1/1) D:4

Altars:
Ashenzari
Cheibriados
Elyvilon
Fedhas
Gozag
Makhleb
Nemelex Xobeh
Okawaru
Pakellas
Qazlal
Sif Muna
Trog
Vehumet
The Shining One


Innate Abilities, Weirdness & Mutations

You are too large for most types of armour.
You have claws for hands.
Your metabolism is lightning-fast.
You like to eat raw meat.
You heal very quickly.
You are covered in fur (AC +1).
You have very tough skin (AC +2).


Message History

Unknown command.
You are too injured to fight recklessly!
You closely miss the orc warrior.
You are too injured to fight recklessly!
You closely miss the orc warrior.
The orc warrior hits you with a battleaxe.
* * * LOW HITPOINT WARNING * * *
Unknown command.
You claw the orc warrior!
The orc warrior is heavily wounded.
The orc warrior misses you.
Unknown command.
Drink which item? (? for menu, Esc to quit)
It was a potion of ambrosia.
You are confused.
You feel invigorated.
Unknown command.
You bump into the rock wall.
The orc warrior hits you with a battleaxe!
You die...

..# ########
..###########......#######
..............^..........+
'###......###.####.######
...#......# #.# #<#
...#......# #.####.#
...#......###....#.###.###.
>..+......+...............)
####......######@#.###.####
# ######## #o#.....# #
#o####### ... #oh...... ...
#........ ... ##....... ...
....... ### ..!.... #
.....(.


You could see an orc warrior, a howler monkey and 2 orcs.

Vanquished Creatures
  The ghost of smazza the Sneak, an amateur NaEn (D:3)
  An ice beast (D:5)
  An ogre (D:4)
  A centaur skeleton (D:4)
  An iguana (D:4)
  Natasha (thrice) (D:2)
  A worker ant (D:5)
  7 adders
  An ooze (D:1)
  3 worms
  A dart slug (D:4)
  2 giant geckos
  2 orcs
  4 ball pythons
  2 giant cockroaches
  7 goblins
  10 hobgoblins
  6 jackals
  4 bats
  3 giant newts
  9 kobolds
  7 rats
77 creatures vanquished.

Notes
Turn   | Place    | Note
--------------------------------------------------------------
     0 | D:1      | Eucla the Troll Monk began the quest for the Orb.
     0 | D:1      | Reached XP level 1. HP: 22/22 MP: 0/0
   145 | D:1      | Upgraded the game from 0.18-a0-1694-g9f731c2 to 0.18-a0-1720-g8df8b1a
   190 | D:1      | Reached XP level 2. HP: 29/29 MP: 1/1
   608 | D:2      | Reached XP level 3. HP: 16/36 MP: 2/2
   883 | D:2      | Noticed Natasha
   888 | D:2      | Killed Natasha
   888 | D:2      | Reached skill level 5 in Unarmed Combat
   888 | D:2      | Reached XP level 4. HP: 34/44 MP: 3/3
   892 | D:2      | Found a sparkling altar of Nemelex Xobeh.
   893 | D:2      | Found an opulent altar of Gozag.
   922 | D:2      | Noticed Natasha
   926 | D:2      | Killed Natasha
  1019 | D:2      | Noticed Natasha
  1027 | D:2      | Killed Natasha
  1027 | D:2      | Reached XP level 5. HP: 46/53 MP: 4/4
  1320 | D:3      | Noticed smazza's ghost (amateur NaEn)
  1334 | D:3      | Killed smazza's ghost
  1334 | D:3      | Reached skill level 1 in Evocations
  1334 | D:3      | Reached XP level 6. HP: 61/61 MP: 5/5
  1686 | D:3      | Reached skill level 6 in Unarmed Combat
  2172 | D:4      | Found a staircase to the Ecumenical Temple.
  2195 | Temple   | Entered the Ecumenical Temple
  2240 | Temple   | Became a worshipper of Cheibriados the Contemplative
  2240 | Temple   | Reached * piety under Cheibriados
  2240 | Temple   | Reached ** piety under Cheibriados
  2605 | D:5      | Entered Level 5 of the Dungeon
  2615 | D:5      | Reached XP level 7. HP: 67/67 MP: 7/7
  2725 | D:5      | Slain by an orc warrior

Vault maps used:
D:1:      lightli_iron_boxes
D:2:      grunt_temple_overflow_opulence, uniq_natasha
D:4:      temple_fountains, first_bread
D:5:      lightli_sewer_entry_pipes, lemuel_another_geyser, uniq_grinder,
          uniq_pikel
Temple:   temple_eino_lava_12

Skill      XL: |  1  2  3  4  5  6 |
---------------+-------------------+-----
Dodging        | 3 |  3.8
Unarmed Combat | 5 6 |  6.5
Fighting       | 3 |  3.7
Evocations     | 1 |  1.9
Stealth        | |  1.1

Action                   |  1- 3 |  4- 6 |  7- 9 || total
-------------------------+-------+-------+-------++-------
Melee: Unarmed           |    91 |   101 |    18 ||   210
 Abil: Evoke Berserk Rag |       |     1 |       ||     1
  Use: Potion            |       |       |     1 ||     1
 Stab: Sleeping          |     2 |     2 |     1 ||     5
  Eat: Chunk             |    13 |    14 |       ||    27
